 Dungeon Crawl Stone Soup version 0.22-a0-858-g985ef60 (webtiles) character file.

518 inc the Ogre Mage (level 7, -3/65 HPs)
             Began as an Ogre Wizard on July 27, 2018.
             Was a Follower of Okawaru.
             Slain by a worm (10 damage)
             ... on level 4 of the Dungeon.
             The game lasted 00:08:41 (4861 turns).

inc the Ogre Mage (Ogre Wizard)                     Turns: 4861, Time: 00:08:42

Health: -3/65      AC:  4    Str: 13    XL:     7   Next: 21%
Magic:  4/14       EV: 10    Int: 23    God:    Okawaru [*.....]
Gold:   228        SH:  0    Dex:  7    Spells: 7/16 levels left

rFire    . . .     SeeInvis +   g - +0 short sword (curse)
rCold    . . .     Gourm    .   (no shield)
rNeg     . . .     Faith    .   a - +0 robe
rPois    .         Spirit   .   b - +0 hat
rElec    .         Reflect  .   m - +0 cloak
rCorr    .         Harm     .   (gloves unavailable)
MR       .....                  (boots unavailable)
Stlth    +.........             (no amulet)
HPRegen  0.20/turn              l - ring of see invisible
MPRegen  0.14/turn              i - +3 ring of intelligence

@: lethally poisoned (-3 -> -12), very slightly contaminated
A: large, unfitting armour, tough skin 1
a: Heroism, Renounce Religion


You were on level 4 of the Dungeon.
You worshipped Okawaru.
Okawaru was aware of your devotion.
You were not hungry.

You visited 1 branch of the dungeon, and saw 4 of its levels.
You also visited: Sewer.

You collected 228 gold pieces.

Inventory:

Hand Weapons
 f - a +0 dagger
 g - a cursed +0 short sword (weapon)
Missiles
 r - a throwing net (quivered)
Armour
 a - a +0 robe (worn)
 b - a +0 hat (worn)
 m - a +0 cloak (worn)
Jewellery
 i - a +3 ring of intelligence (right hand)
 l - a ring of see invisible (left hand)
Scrolls
 c - 4 scrolls of teleportation
 j - 5 scrolls of identify
 k - a scroll of immolation {unknown}
 n - a scroll of remove curse {unknown}
 s - a scroll of fear {unknown}
Potions
 h - a potion of resistance
 o - a potion of curing {unknown}
 p - a potion of heal wounds {unknown}
 q - a potion of invisibility {unknown}
Comestibles
 d - 10 rations
 t - a chunk of flesh


   Skills:
 + Level 2.3 Fighting
 - Level 1.7 Dodging
 - Level 1.4 Stealth
 - Level 5.2 Spellcasting
 - Level 3.8 Conjurations
   Level 0.8 Summonings
 - Level 0.8 Translocations
 - Level 2.0 Fire Magic
 - Level 2.0 Air Magic
 - Level 2.0 Poison Magic


You had 7 spell levels left.
You knew the following spells:

 Your Spells              Type           Power        Failure   Level  Hunger
a - Magic Dart            Conj           ###.         1%          1    None
b - Conjure Flame         Conj/Fire      ###.....     9%          3    ##.....
c - Mephitic Cloud        Conj/Pois/Air  ###.....     10%         3    ##.....
d - Blink                 Tloc           N/A          10%         2    None

Your spell library contained the following spells:

 Spells                   Type           Power        Failure   Level  Hunger
 Slow                     Hex            #.......     14%         2    None
 Call Imp                 Summ           ##......     10%         2    None


Dungeon Overview and Level Annotations

Branches:
Dungeon (4/15)
 Temple: D:4-7

Altars:
Nemelex Xobeh
Okawaru
Qazlal

Annotations:
D:4 Pikel


Innate Abilities, Weirdness & Mutations

You are too large for most types of armour.
You have tough skin. (AC +1)


Message History

The magic dart hits the worker ant.
The worker ant is severely wounded.
You feel sick. The worker ant closely misses you. The worm bites you.
* * * LOW HITPOINT WARNING * * *
The worker ant bites you.
* * * LOW HITPOINT WARNING * * *
You are lethally poisoned!
The worker ant poisons you!
Casting: Magic Dart (safe; 1% risk of failure)
Confirm with . or Enter, or press ? or * to list all spells.
Aiming: Magic Dart (safe; 1% risk of failure)
Press: ? - help, Shift-Dir - straight line, f/p - worker ant
Aim: a worker ant (severely wounded)
The magic dart hits the worker ant.
You kill the worker ant!
Okawaru accepts your kill.
Your Fighting skill increases to level 2!
* * * LOW HITPOINT WARNING * * *
You feel sick. The worm bites you!
You die...

#.#p##.......# #.................
#.#.###.###..###.#####..#.......h
#.#.# #.###.....[.......#........
#(#.###........########.#........
#K#p.....W..##.####### ..#######.
#..a.......§..<....... ....
##############.####### ..#
#.########.# #[†@w......#
############


You could see a worm.

Vanquished Creatures
  A slave (D:4)
  3 bullfrogs
  A howler monkey (D:4)
  2 orc wizards (D:2)
  An orc priest (D:3)
  A worker ant (D:4)
  8 adders
  An ooze (D:3)
  A dart slug (D:1)
  5 leopard geckos
  4 orcs
  4 ball pythons (Sewer)
  6 bats
  14 giant cockroaches
  8 goblins
  9 hobgoblins
  2 jackals (D:2)
  8 kobolds
  2 quokkas
  8 frilled lizards
  7 rats
96 creatures vanquished.

Notes
Turn   | Place    | Note
-------+----------+-------------------------------------------
     0 | D:1      | inc the Ogre Wizard began the quest for the Orb.
     0 | D:1      | Reached XP level 1. HP: 16/16 MP: 5/5
    71 | D:1      | Reached skill level 1 in Conjurations
   207 | D:1      | Reached XP level 2. HP: 9/24 MP: 1/6
  1060 | D:1      | Reached XP level 3. HP: 28/31 MP: 1/8
  1548 | D:2      | Found an iron altar of Okawaru.
  1555 | D:2      | Became a worshipper of Warmaster Okawaru
  1919 | D:2      | You fall through a shaft for 2 floors!
  1919 | D:4      | Noticed a slave
  1919 | D:4      | Noticed a slave
  1919 | D:4      | Noticed a phantom
  1935 | D:4      | Reached XP level 4. HP: 18/39 MP: 3/9
  1935 | D:4      | Noticed a slave
  1939 | D:4      | Noticed a phantom
  1950 | D:4      | Learned a level 3 spell: Conjure Flame
  1954 | D:4      | Learned a level 3 spell: Mephitic Cloud
  1957 | D:4      | Learned a level 2 spell: Blink
  2100 | D:3      | Found a glowing drain.
  2138 | D:3      | Reached skill level 4 in Spellcasting
  2211 | Sewer    | Entered a sewer
  2258 | Sewer    | Reached XP level 5. HP: 45/45 MP: 0/11
  2692 | Sewer    | Reached * piety under Okawaru
  2692 | Sewer    | Reached skill level 1 in Fire Magic
  2692 | Sewer    | Reached skill level 1 in Air Magic
  2692 | Sewer    | Reached skill level 1 in Poison Magic
  2692 | Sewer    | Reached XP level 6. HP: 25/53 MP: 5/13
  3146 | D:1      | Reached skill level 5 in Spellcasting
  3297 | D:1      | Identified a scroll of acquirement
  3889 | D:3      | Found a sparkling altar of Nemelex Xobeh.
  4018 | D:3      | Found a stormy altar of Qazlal.
  4159 | D:3      | Reached XP level 7. HP: 54/59 MP: 5/14
  4274 | D:3      | Reached skill level 1 in Fighting
  4594 | D:4      | Noticed Pikel
  4838 | D:4      | HP: 3/63 [worker ant (2)]
  4861 | D:4      | Slain by a worm

Vault maps used:
D:1:      sevenhm_arrival_forest_fort_large_4
D:2:      okawaru_ov_weapons_minmay
D:3:      nemelex_xobeh_ov_fountains_minmay, lemuel_doored_altar,
          gup_sewer_entry_glass
D:4:      first_ration, uniq_pikel
Sewer:    sewer_frog_island_01

Skill      XL: |  1  2  3  4  5  6  7 |
---------------+----------------------+-----
Conjurations   | 1 2 3 |  3.8
Spellcasting   | 4 5 |  5.2
Fire Magic     | 1 2 |  2.0
Air Magic      | 1 2 |  2.0
Poison Magic   | 1 2 |  2.0
Fighting       | 2 |  2.3
Dodging        | |  1.7
Stealth        | |  1.4
Summonings     | |  0.8
Translocations | |  0.8

Action                   |  1- 3 |  4- 6 |  7- 9 || total
-------------------------+-------+-------+-------++-------
Melee: Unarmed           |    25 |       |       ||    25
       Dagger            |    26 |       |       ||    26
       Short sword       |       |    12 |    25 ||    37
 Cast: Magic Dart        |    95 |   124 |    48 ||   267
       Mephitic Cloud    |       |       |     4 ||     4
       Blink             |       |       |     3 ||     3
       Conjure Flame     |       |       |     1 ||     1
  Use: Scroll            |       |     9 |     1 ||    10
       Potion            |       |       |     1 ||     1
  Eat: Chunk             |     3 |     7 |     2 ||    12
Armor: Robe              |    16 |    17 |    13 ||    46
Dodge: Dodged            |    36 |    28 |    38 ||   102

Table legend:
 A = Spawn XP
 B = Non-spawn XP
 C = Spawn XP percentage of total XP
 D = Spawn monster count
 E = Non-spawn monster count
 F = Spawn count percentage of total count
 G = Total turns spent on level
                    A         B        C        D         E        F      G
               +---------+---------+-------+---------+---------+-------+---------
         Total |       0 |     741 |   0.0 |       0 |      95 |   0.0 |  4861
               +---------+---------+-------+---------+---------+-------+---------
           D:1 |       0 |      42 |   0.0 |       0 |      22 |   0.0 |  1416
           D:2 |       0 |     138 |   0.0 |       0 |      27 |   0.0 |  1292
           D:3 |       0 |     214 |   0.0 |       0 |      23 |   0.0 |  1132
           D:4 |       0 |      87 |   0.0 |       0 |       3 |   0.0 |   228
         Sewer |       0 |     260 |   0.0 |       0 |      20 |   0.0 |   793
               +---------+---------+-------+---------+---------+-------+---------
